 Dungeon Crawl Stone Soup version 0.21-a0-618-g6cbd37f (webtiles) character file.

256 M4edhros the Charlatan (level 6, -10/41 HPs)
             Began as an Octopode Artificer on Dec 23, 2017.
             Mangled by an orc warrior
             ... wielding a +0 trident
              (14 damage)
             ... on level 5 of the Dungeon.
             The game lasted 00:06:42 (795 turns).

M4edhros the Charlatan (Octopode Artificer)          Turns: 795, Time: 00:06:42

Health: -10/41     AC:  1    Str: 11    XL:     6   Next: 15%
Magic:  9/9        EV: 14    Int: 14    God:
Gold:   59         SH:  0    Dex: 14    Spells: 5/5 levels left

rFire    . . .     SeeInvis .   a - +1 short sword
rCold    . . .     Gourm    .   (no shield)
rNeg     . . .     Faith    .   (helmet restricted)
rPois    .         Spirit   .   (no amulet)
rElec    .         Reflect  .   (no ring)
rCorr    .         Harm     .   (no ring)
MR       .....                  (no ring)
Stlth    ++++......             (no ring)
HPRegen  0.13/turn              (no ring)
MPRegen  0.11/turn              (no ring)
                                (no ring)
                                (no ring)

@: no status effects
A: almost no armour, stealthy swim, amphibious, 8 rings, constrict 8, antennae
1, tentacle spike 1, camouflage 1, robust 1, gelatinous body 1, subdued magic 1
a: no special abilities


You were on level 5 of the Dungeon.
You were not hungry.

You visited 1 branch of the dungeon, and saw 5 of its levels.

You collected 59 gold pieces.

Inventory:

Hand Weapons
 a - a +1 short sword (weapon)
Missiles
 h - 2 javelins (quivered)
Armour
 k - a +0 large shield
Jewellery
 i - an uncursed ring of teleportation
Wands
 b - a wand of flame (8)
 c - a wand of enslavement (7)
 m - a wand of polymorph (7)
Scrolls
 e - 2 scrolls of remove curse
 j - 3 scrolls of teleportation
 l - a scroll of identify {unknown}
 n - a scroll of enchant weapon
 p - a scroll of magic mapping
Books
 g - a book of Cantrips

   Spells                             Type                      Level
   a - Confusing Touch                Hexes                        1
   b - Animate Skeleton               Necromancy                   1
   c - Summon Small Mammal            Summoning                    1
   d - Apportation                    Translocation                1
Comestibles
 f - 2 rations
 o - 4 chunks of flesh


   Skills:
 - Level 1.0 Fighting
 - Level 1.0 Short Blades
 + Level 3.4 Dodging
 + Level 4.0 Stealth
 * Level 3.2 Shields
 + Level 4.4 Evocations


You had 5 spell levels left.
You didn't know any spells.

Dungeon Overview and Level Annotations

Branches:
Dungeon (5/15)             Temple (0/1) D:5

Altars:
Sif Muna

Annotations:
D:5 M4edhros's ghost, novice OpAr


Innate Abilities, Weirdness & Mutations

You cannot wear most types of armour.
You are very stealthy in the water. (Stealth+)
You are amphibious.
You can wear up to eight rings at the same time.
You can use your tentacles to constrict eight enemies at once.
Your skin changes colour to match your surroundings (Stealth+).
Your rubbery body absorbs attacks. (AC +1, EV +1)
You have a pair of small antennae on your head.
One of your tentacles bears a spike.
You are robust. (+10% HP)
Your spells are a little easier to cast, but a little less powerful.


Message History

The stinking cloud engulfs you!
The stinking cloud engulfs M4edhros's ghost.
M4edhros's ghost appears unharmed.
You hear a screech!
Unknown command.
Unknown command.
Your bullfrog skeleton hits M4edhros's ghost.
Your bullfrog skeleton barely misses M4edhros's ghost.
M4edhros's ghost closely misses your bullfrog skeleton.
What are your orders? t - Shout!
Orders for allies: a - Attack new target. p - Attack previous target. r - Retreat! s - Stop attacking. g - Guard the area. f - Follow me.
Anything else - Cancel.
Guard this area!
Your orc warrior is engulfed in noxious fumes.
Your orc warrior appears confused.
Your orc warrior hits you with a trident!
You die...

.....#...#**,* *,,,*,,,*,,,*,,,*,
.....#...# *,* *,,*,..#.,,*,,,*,,
.....#...# *,* *,*,..#..,*,,,*,,,
.....#..>###,* *,,.......,,,,,,,,
.#+#..5....#,*****?......*,,,,,,*
.#.#.......#,,,,,+§......,,******
.#.#.......#######..s....****
.#.#.......'..#..........,,,*
........W..##{#.@........**,*
##.#.......##.#.§o§......**,*
...#.......##.#.Z)§......**,*
####....?..##{#§W........**+*****
,,,#.......##h#..........*,,,,,,*
**,#.########§#.......[..*,,,,,,*
**,#.# *****#'#..).......*,,,,,,*
,,,#.#**,,,*#......######*,,,,,,*
****,,*,,,,,#......# *,,,,,,*


You could see a scorpion, M4edhros's ghost, a friendly orc warrior (confused)
and a friendly bullfrog skeleton (wandering).

Vanquished Creatures
  An ogre (D:4)
  2 hounds (D:4)
  An orc wizard (D:4)
  3 adders (D:2)
  An adder skeleton (D:4)
  A dart slug (D:2)
  5 leopard geckos
  3 orcs
  2 bats
  A goblin (D:2)
  A hobgoblin (D:1)
  4 frilled lizards
  2 kobolds
27 creatures vanquished.

Vanquished Creatures (collateral kills)
  An orc wizard (D:4)
  An orc (D:4)
  A frilled lizard (D:5)
3 creatures vanquished.

Vanquished Creatures (others)
  A leopard gecko (D:5)
  An orc (D:4)
  A jackal (D:5)
3 creatures vanquished.

Grand Total: 33 creatures vanquished

Notes
Turn   | Place    | Note
-------+----------+-------------------------------------------
     0 | D:1      | M4edhros the Octopode Artificer began the quest for the Orb.
     0 | D:1      | Reached XP level 1. HP: 13/13 MP: 3/3
   142 | D:1      | Reached XP level 2. HP: 17/18 MP: 4/4
   238 | D:2      | Reached skill level 1 in Shields
   238 | D:2      | Reached XP level 3. HP: 14/23 MP: 5/5
   347 | D:4      | Noticed an ogre
   409 | D:5      | Entered Level 5 of the Dungeon
   409 | D:5      | Noticed a sky beast
   431 | D:4      | HP: 1/23 [hound (5)]
   432 | D:4      | Reached XP level 4. HP: 1/28 MP: 6/6
   578 | D:4      | Gained mutation: Your spells are a little easier to cast, but a little less powerful. [potion of mutation]
   578 | D:4      | Gained mutation: You are robust. (+10% HP) [potion of mutation]
   578 | D:4      | Gained mutation: You have a pair of small antennae on your head. [potion of mutation]
   578 | D:4      | Gained mutation: One of your tentacles bears a spike. [potion of mutation]
   676 | D:4      | Reached XP level 5. HP: 18/36 MP: 8/8
   698 | D:4      | Killed an ogre
   698 | D:4      | Reached XP level 6. HP: 8/41 MP: 9/9
   741 | D:5      | Found a deep blue altar of Sif Muna.
   741 | D:5      | Noticed M4edhros's ghost (novice OpAr)
   790 | D:5      | Noticed an orc warrior
   795 | D:5      | Mangled by an orc warrior

Vault maps used:
D:1:      ncdulo_halloftheorcs, kennysheep_pointless_box
D:2:      serial_bayou_pond_e, uniq_robin
D:5:      cheibrodos_fzero, lemuel_doored_altar, kennysheep_mini,
          nicolae_overflow_hidden_temple, minmay_temple_entry_enclosed_plants,
          basic_altar, first_ration, uniq_eustachio

Skill      XL: |  1  2  3  4  5 |
---------------+----------------+-----
Stealth        | 2 3 4 |  4.0
Shields        | 1 2 3 |  3.2
Evocations     | 4 |  4.4
Dodging        | 3 |  3.4
Fighting       | |  1.0
Short Blades   | |  1.0

Action                   |  1- 3 |  4- 6 || total
-------------------------+-------+-------++-------
Melee: Short sword       |    38 |    14 ||    52
       Constrict         |    11 |     2 ||    13
       Tentacles         |     9 |     2 ||    11
       Kick              |       |     2 ||     2
Evoke: Wand              |    10 |    20 ||    30
  Use: Scroll            |     4 |     1 ||     5
       Potion            |       |     2 ||     2
 Stab: Sleeping          |     3 |       ||     3
Armor: Skin              |     4 |     1 ||     5
Dodge: Dodged            |    24 |    21 ||    45

Table legend:
 A = Spawn XP
 B = Non-spawn XP
 C = Spawn XP percentage of total XP
 D = Spawn monster count
 E = Non-spawn monster count
 F = Spawn count percentage of total count
 G = Total turns spent on level
                    A         B        C        D         E        F      G
               +---------+---------+-------+---------+---------+-------+---------
         Total |       0 |     366 |   0.0 |       0 |      30 |   0.0 |   795
               +---------+---------+-------+---------+---------+-------+---------
           D:1 |       0 |      14 |   0.0 |       0 |       8 |   0.0 |   224
           D:2 |       0 |      51 |   0.0 |       0 |       8 |   0.0 |    89
           D:3 |       0 |       5 |   0.0 |       0 |       2 |   0.0 |    18
           D:4 |       0 |     292 |   0.0 |       0 |      10 |   0.0 |   379
           D:5 |       0 |       4 |   0.0 |       0 |       2 |   0.0 |    85
               +---------+---------+-------+---------+---------+-------+---------
